 Dungeon Crawl Stone Soup version 0.20-a0-864-g92acfd1 (webtiles) character file.

15936 polly the Carver (level 12, 0/94 HPs)
             Began as a Demonspawn Gladiator on Mar 12, 2017.
             Was a High Priest of Okawaru.
             Slain by an unseen horror (6 damage)
             ... on level 12 of the Dungeon.
             The game lasted 00:28:21 (15147 turns).

polly the Carver (Demonspawn Gladiator)            Turns: 15147, Time: 00:28:21

Health: 0/94       AC: 15    Str: 21    XL:     12   Next: 5%
Magic:  12/12      EV: 18    Int: 11    God:    Okawaru [*****.]
Gold:   821        SH:  0    Dex: 20    Spells: 11/11 levels left

rFire    . . .     SeeInvis .   a - +1 long sword
rCold    . . .     Gourm    .   O - +1 scale mail of the Final Spirits {rElec Str+3 Stlth-}
rNeg     . . .     Faith    +   (no shield)
rPois    .         Spirit   .   v - +2 hat
rElec    +         Reflect  .   w - +0 cloak
rCorr    .         Harm     .   j - +2 pair of gloves
MR       .....                  (no boots)
Stlth    ..........             U - amulet of faith
Regen    0.3/turn               G - +2 ring of strength
MPRegen  0.2/turn               n - +3 ring of dexterity

@: very slow
A: hooves 2, repulsion field 2, powered by death 2
a: Heroism, Finesse, Renounce Religion


You were on level 12 of the Dungeon.
You worshipped Okawaru.
Okawaru was extremely pleased with you.
You were near starving.

You visited 2 branches of the dungeon, and saw 13 of its levels.
You also visited: Sewer.

You collected 821 gold pieces.

Inventory:

Hand Weapons
 a - a +1 long sword (weapon)
Missiles
 k - 2 throwing nets (quivered)
Armour
 j - a +2 pair of gloves (worn)
 v - a +2 hat (worn)
 w - a +0 cloak (worn)
 O - the +1 scale mail of the Final Spirits (worn) {rElec Str+3 Stlth-}
   (You found it on level 10 of the Dungeon)

   It affects your strength (+3).
   It insulates you from electricity.
   It makes you less stealthy.
Jewellery
 c - an uncursed ring of flight
 n - a +3 ring of dexterity (left hand)
 G - a +2 ring of strength (right hand)
 U - an amulet of faith (around neck)
Wands
 b - a wand of paralysis (13/24)
 d - a wand of lightning (5/15)
 B - a wand of lightning (12/15)
 K - a wand of lightning (2/15)
 L - a wand of polymorph (9/24)
 P - a wand of disintegration (10/24)
 V - a wand of random effects (28/48)
Scrolls
 i - 3 scrolls of fog
 l - 6 scrolls of remove curse
 p - 6 scrolls of teleportation
 s - a scroll of noise {unknown}
 y - 3 scrolls of enchant weapon
 z - 4 scrolls of amnesia {unknown}
 E - a scroll of fear {unknown}
 F - 5 scrolls of blinking {unknown}
 H - a scroll of summoning {unknown}
 J - 2 scrolls of magic mapping {unknown}
 N - 3 scrolls of immolation {unknown}
 Q - a scroll of enchant armour {unknown}
 R - 3 scrolls of recharging {unknown}
 S - 8 scrolls of identify
 W - a scroll of acquirement {unknown}
Potions
 e - 3 potions of magic
 g - a potion of heal wounds
 h - 3 potions of brilliance
 o - 2 potions of mutation
 q - 2 potions of might
 r - a potion of curing
 t - 2 potions of haste {unknown}
 u - 3 potions of resistance
 C - 4 potions of flight
 D - 3 potions of invisibility
 I - a potion of agility
 M - 2 potions of cancellation
 T - 3 potions of berserk rage
Comestibles
 f - 6 bread rations
 m - 4 fruits
 x - 6 meat rations


   Skills:
 + Level 8.6 Fighting
 + Level 12.7 Long Blades
 + Level 2.0 Throwing
 + Level 8.2 Armour
 + Level 6.9 Dodging
 - Level 1.2 Stealth
 + Level 0.3 Invocations


You had 11 spell levels left.
You didn't know any spells.

Dungeon Overview and Level Annotations

Branches:
Dungeon (12/15)            Temple (1/1) D:5            Lair (0/6) D:11
    Orc (0/2) D:12

Altars:
Ashenzari
Cheibriados
Dithmenos
Elyvilon
Fedhas
Gozag
Hepliaklqana
Kikubaaqudgha
Makhleb
Nemelex Xobeh
Okawaru
Qazlal
Ru
Trog
Uskayaw
Vehumet
Wu Jian
Xom
Yredelemnul
Zin
The Shining One

Shops:
D:9 *


Innate Abilities, Weirdness & Mutations

You have hoof-like feet.
You are surrounded by a moderate repulsion field. (EV +3)
You regenerate health from kills.


Message History

The troll is almost dead.
The troll closely misses you. The troll claws you but does no damage.
The troll completely misses you.
You slash the troll!
You kill the troll!
Okawaru accepts your kill. Something hits you but does no damage.
You are near starving!
Your unstable footing causes you to fumble your attack.
You hear a splashing noise.
Okay, then.
Something hits you but does no damage. Something hits you but does no damage.
Something hits you.
* * * LOW HITPOINT WARNING * * *
You hear a splashing noise.
Something hits you.
* * * LOW HITPOINT WARNING * * *
Something hits you.
You die...

.......≈≈≈≈≈......>..............
.......≈≈≈≈≈.....................
.......≈≈≈≈≈.....................
.....................≈≈≈≈≈.......
.....................≈≈≈≈≈.......
.......(.............≈≈≈≈≈.......
.............≈≈≈≈≈...≈≈≈≈≈.......
.............)≈≈≈{...≈≈≈≈≈.......
.............≈≈≈@≈...............
.............≈≈≈≈≈...............
.............≈≈≈≈≈...............
.................................
.................................
.................................
.................................
....................(............
.................................


There were no monsters in sight!

Vanquished Creatures
  Erolcha (D:12)
  Erica (D:11)
  4 two-headed ogres
  A deep elf mage (D:12)
  A manticore (D:11)
  A cyclops (D:12)
  A centaur skeleton (D:11)
  2 gargoyles
  2 kobold demonologists (D:12)
  2 trolls
  A hornet (D:11)
  Prince Ribbit (D:5)
  A water elemental (D:12)
  A shadow (D:11)
  A vampire (D:12)
  A wyvern (D:7)
  10 yaks
  A hungry ghost (D:9)
  A water moccasin (D:5)
  A soldier ant (D:12)
  An acid dragon (D:12)
  Duvessa (D:4)
  2 porcupines (D:11)
  5 orc warriors
  A sky beast (D:8)
  3 ice beasts
  A phantom (D:8)
  2 black bears (D:11)
  5 ogres
  6 centaurs
  A crocodile (D:11)
  Blork the orc (D:4)
  6 big kobolds
  6 bullfrogs
  A gnoll sergeant (D:7)
  Dowan (D:4)
  4 scorpions
  9 killer bees
  3 wights (D:8)
  4 crimson imps
  2 centaur zombies
  2 howler monkeys (D:10)
  3 hounds
  3 bullfrog zombies
  A jelly (D:8)
  4 orc priests
  14 orc wizards
  Natasha (twice) (D:2)
  4 iguanas
  7 worker ants
  2 hound skeletons
  9 gnolls
  16 adders
  A shadow imp (D:6)
  An ooze (D:1)
  3 worms
  2 dart slugs (D:2)
  A leopard gecko (D:2)
  26 orcs
  10 bats
  6 giant cockroaches
  2 goblins
  4 hobgoblins
  4 jackals (Sewer)
  27 kobolds
  3 quokkas
  4 ball pythons
  8 frilled lizards
  10 rats
  A spectral orc (D:6)
  2 fungi (D:11)
282 creatures vanquished.

Vanquished Creatures (others)
  20 fungi (D:11)
  5 plants (D:11)
25 creatures vanquished.

Grand Total: 307 creatures vanquished

Notes
Turn   | Place    | Note
-------+----------+-------------------------------------------
     0 | D:1      | polly the Demonspawn Gladiator began the quest for the Orb.
     0 | D:1      | Reached XP level 1. HP: 16/16 MP: 1/1
   121 | D:1      | Gained mutation: You have large cloven feet. [demonic ancestry]
   121 | D:1      | Reached XP level 2. HP: 19/22 MP: 2/2
   174 | D:1      | Reached skill level 3 in Long Blades
   771 | D:2      | Reached XP level 3. HP: 28/28 MP: 3/3
  1191 | D:2      | Noticed Natasha
  1203 | D:2      | Killed Natasha
  1203 | D:2      | Reached skill level 1 in Armour
  1255 | D:2      | Noticed Natasha
  1257 | D:2      | Reached XP level 4. HP: 28/34 MP: 4/4
  1270 | D:2      | Killed Natasha
  1776 | D:3      | You fall through a shaft for 3 floors!
  1776 | D:6      | Noticed an ice beast
  1793 | D:6      | Killed an ice beast
  1793 | D:6      | Reached skill level 4 in Long Blades
  1793 | D:6      | Gained mutation: You are surrounded by a mild repulsion field. (EV +2) [demonic ancestry]
  1793 | D:6      | Reached XP level 5. HP: 23/40 MP: 5/5
  1897 | D:6      | Reached skill level 1 in Stealth
  1949 | D:6      | Reached XP level 6. HP: 23/46 MP: 6/6
  2028 | D:6      | Found a glowing drain.
  2058 | Sewer    | Entered a sewer
  2505 | D:5      | Entered Level 5 of the Dungeon
  2516 | D:5      | Reached skill level 5 in Long Blades
  3385 | D:4      | Noticed Dowan
  3387 | D:4      | Noticed Duvessa
  3400 | D:4      | Killed Duvessa
  3400 | D:4      | Reached XP level 7. HP: 36/52 MP: 7/7
  3409 | D:4      | Killed Dowan
  3536 | D:4      | Reached skill level 6 in Long Blades
  4048 | D:4      | Noticed Blork the orc
  4063 | D:4      | Killed Blork the orc
  4388 | D:5      | Found a glowing golden altar of the Shining One.
  4601 | D:5      | Found a staircase to the Ecumenical Temple.
  4639 | D:5      | Found a stormy altar of Qazlal.
  4705 | Temple   | Entered the Ecumenical Temple
  4802 | Temple   | Became a worshipper of Warmaster Okawaru
  5411 | D:5      | Noticed Prince Ribbit
  5429 | D:5      | Killed Prince Ribbit
  5429 | D:5      | Reached skill level 7 in Long Blades
  5429 | D:5      | Gained mutation: You are surrounded by a moderate repulsion field. (EV +3) [demonic ancestry]
  5429 | D:5      | Reached XP level 8. HP: 39/60 MP: 8/8
  5944 | D:6      | Found a basalt altar of Yredelemnul.
  6229 | D:7      | You fall through a shaft for 3 floors!
  6229 | D:10     | Entered Level 10 of the Dungeon
  6530 | D:10     | Reached * piety under Okawaru
  6546 | D:10     | Got a dazzling scale mail
  6557 | D:10     | Identified the +1 scale mail of the Final Spirits {rElec Str+3 Stlth-} (You found it on level 10 of the Dungeon)
  6697 | D:9      | Reached skill level 8 in Long Blades
  6969 | D:7      | Reached skill level 5 in Fighting
  6969 | D:7      | Gained mutation: You regenerate a little health from kills. [demonic ancestry]
  6969 | D:7      | Reached XP level 9. HP: 43/68 MP: 9/9
  7181 | D:7      | Reached ** piety under Okawaru
  7190 | D:7      | HP: 1/68 [orc warrior/trident (13)]
  7607 | D:7      | Reached skill level 9 in Long Blades
  7957 | D:8      | Noticed a two-headed ogre
  7974 | D:8      | Killed a two-headed ogre
  7974 | D:8      | Reached skill level 5 in Armour
  8226 | D:7      | Reached skill level 5 in Dodging
  8844 | D:7      | HP: 1/69 [wyvern (12)]
  8859 | D:7      | Reached *** piety under Okawaru
  9073 | D:7      | Gained mutation: You regenerate health from kills. [demonic ancestry]
  9073 | D:7      | Reached XP level 10. HP: 60/76 MP: 10/10
  9118 | D:8      | Reached skill level 10 in Long Blades
 10034 | D:9      | Found Yhukaak's General Store.
 10168 | D:9      | You fall through a shaft for 3 floors!
 10187 | D:12     | Noticed Erolcha
 10193 | D:12     | Noticed a gargoyle
 10326 | D:11     | Reached **** piety under Okawaru
 10604 | D:11     | Received a gift from Okawaru
 10767 | D:11     | Noticed a gargoyle
 10768 | D:11     | Found a flagged portal.
 10771 | D:11     | Noticed a two-headed ogre
 10800 | D:11     | Killed a gargoyle
 10809 | D:11     | Killed a two-headed ogre
 10809 | D:11     | Reached skill level 11 in Long Blades
 11056 | D:10     | Reached ***** piety under Okawaru
 11146 | D:10     | Got a distressingly furry large shield
 11152 | D:10     | Identified the cursed +0 large shield "Aplyomne" {rC+ Int-3 Dex+3} (You found it on level 10 of the Dungeon)
 11567 | D:9      | Noticed a two-headed ogre
 11580 | D:9      | Killed a two-headed ogre
 11580 | D:9      | Gained mutation: You have hoof-like feet. [demonic ancestry]
 11580 | D:9      | Reached XP level 11. HP: 57/84 MP: 11/11
 12013 | D:11     | Found a staircase to the Lair.
 12051 | D:11     | HP: 2/84 [manticore (10)]
 12450 | D:11     | Noticed Erica
 12463 | D:11     | Killed Erica
 12670 | D:11     | Received a gift from Okawaru
 12687 | D:11     | Reached skill level 12 in Long Blades
 12838 | D:12     | Paralysed by Erolcha for 5 turns
 12860 | D:12     | Paralysed by Erolcha for 4 turns
 12865 | D:12     | Killed Erolcha
 12865 | D:12     | Received a gift from Okawaru
 13019 | D:12     | Noticed a two-headed ogre
 13033 | D:12     | Killed a two-headed ogre
 13324 | D:12     | Noticed a deep elf mage
 13335 | D:12     | Killed a deep elf mage
 13977 | D:12     | Noticed a five-headed hydra
 14462 | D:12     | Found a staircase to the Orcish Mines.
 14619 | D:11     | Reached XP level 12. HP: 22/94 MP: 12/12
 15147 | D:12     | Slain by an unseen horror

Vault maps used:
D:1:      dpeg_arrival_pits, minmay_misc_feat_square, grunt_decor_fettered
D:2:      first_bread, uniq_natasha
D:3:      roderic_aztec_sauvastika, kennysheep_decorative_pillar
D:4:      st_stairs_10, uniq_duvessa, uniq_blork_the_orc
D:5:      temple_hall, basic_altar, nicolae_qazlal_general_emergency,
          uniq_prince_ribbit1
D:6:      yredelemnul_forgotten_temple_becter, gup_sewer_entry_glass,
          roderic_chinese_pattern_swastika
D:9:      serial_shops, kennysheep_mini_moat
D:11:     due_lair_maze_entry_diamond, enter_bailey_2, uniq_erica
D:12:     uniq_erolcha
Temple:   minmay_crystal_snake_temple
Sewer:    sewer_fruit_machine

Skill      XL: |  1  2  3  4  5  6  7  8  9 10 11 |
---------------+----------------------------------+-----
Long Blades    | 3 4 5 7 8 9 11 12 | 12.7
Dodging        | 3 4 5 6 |  6.9
Armour         | 1 2 4 5 6 8 |  8.2
Stealth        | 1 |  1.2
Fighting       | 3 4 5 7 8 |  8.6
Throwing       | 2 |  2.0
Invocations    | |  0.3

Action                   |  1- 3 |  4- 6 |  7- 9 | 10-12 || total
-------------------------+-------+-------+-------+-------++-------
Melee: Long sword        |    66 |   162 |   499 |   708 ||  1435
       Kick              |    17 |    63 |   215 |   352 ||   647
Throw: Throwing net      |       |     1 |     2 |       ||     3
Invok: Heroism           |       |       |       |     1 ||     1
  Use: Scroll            |       |     1 |       |    18 ||    19
       Potion            |       |       |     4 |     8 ||    12
 Stab: Held in net/web   |       |     1 |     4 |       ||     5
       Sleeping          |       |     3 |       |       ||     3
  Eat: Chunk             |       |     7 |    16 |    15 ||    38
       Fruit             |       |       |     7 |     1 ||     8
       Royal jelly       |       |       |     1 |     2 ||     3
Armor: Leather armour    |    24 |    69 |    22 |       ||   115
       Scale mail        |       |       |   159 |   362 ||   521
Dodge: Dodged            |    53 |   140 |   401 |   682 ||  1276
       Rpst.: Long sword |    17 |    56 |   119 |   155 ||   347
